 Dungeon Crawl Stone Soup version 0.26.1-2-gb8aa6d0cf2 (webtiles) character file.

Game seed: 2518337685371379041

3026 Cykl0x the Carver (level 9, 0/75 HPs)
             Began as a Minotaur Fighter on Feb 19, 2021.
             Was a Believer of the Shining One.
             Slain by a gnoll sergeant
             ... wielding a +1 spear of pain
              (2 damage)
             ... on level 7 of the Dungeon.
             The game lasted 00:15:18 (7802 turns).

Cykl0x the Carver (Minotaur Fighter)                Turns: 7802, Time: 00:15:19

Health: 0/75       AC: 26    Str: 33    XL:     9   Next: 55%
Magic:  10/10      EV:  8    Int:  8    God:    the Shining One [**....]
Gold:   317        SH: 13    Dex: 11    Spells: 8/8 levels left

rFire    + . .     SeeInvis .   u - +1 falchion (protect)
rCold    . . .     Faith    .   c - +1 kite shield
rNeg     + . .     Spirit   .   w - +2 plate armour {rF+}
rPois    .         Reflect  .   (helmet restricted)
rElec    .         Harm     .   (no cloak)
rCorr    .         Rampage  .   y - +2 pair of gloves
Will     .....                  (no boots)
Stlth    ..........             (no amulet)
HPRegen  0.22/turn              z - +6 ring of strength
MPRegen  0.12/turn              E - ring of Interdependent Arising {+Fly Str+4 Int+3 Stlth+}

@: about to teleport, protection aura, glowing
A: retaliatory headbutt, horns 2
a: Renounce Religion, Evoke Flight, Divine Shield


You were on level 7 of the Dungeon.
You worshipped the Shining One.
The Shining One was pleased with you.
You visited 2 branches of the dungeon, and saw 8 of its levels.
You also visited: Ossuary.

You collected 317 gold pieces.

Inventory:

Hand Weapons
 a - a +1 long sword
 u - a +1 falchion of protection (weapon)
Missiles
 e - 174 stones (quivered)
Armour
 b - a +0 scale mail
 c - a +1 kite shield (worn)
 w - a +2 plate armour of fire resistance (worn)
 x - a +0 chain mail
 y - a +2 pair of gloves (worn)
Jewellery
 z - a +6 ring of strength (left hand)
 E - the ring of Interdependent Arising (right hand) {+Fly Str+4 Int+3 Stlth+}
   (You found it on level 6 of the Dungeon)

   [ring of flight]

   It affects your strength (+4).
   It affects your intelligence (+3).
   It lets you fly.
   It makes you more stealthy.
Wands
 d - a wand of paralysis (1)
 r - a wand of disintegration (1)
 t - a wand of digging (3)
 F - a wand of polymorph (11)
Scrolls
 f - a scroll of enchant armour
 g - 4 scrolls of remove curse
 h - 6 scrolls of teleportation
 m - 3 scrolls of enchant weapon
 q - a scroll of identify
 v - a scroll of amnesia
 A - 5 scrolls of immolation
 D - a scroll of magic mapping
Potions
 i - 5 potions of resistance
 j - 2 potions of haste
 k - a potion of invisibility
 l - 2 potions of mutation
 n - 2 potions of magic
 o - a potion of might
 p - 2 potions of ambrosia
 B - 3 potions of curing
 C - a potion of brilliance


   Skills:
 + Level 5.9 Fighting
 + Level 9.2 Long Blades
 + Level 2.7 Throwing
 + Level 8.4 Armour
 + Level 4.5 Dodging
 - Level 0.1 Stealth
 + Level 6.8 Shields
 * Level 3.9 Invocations


You had 8 spell levels left.
You didn't know any spells.
Your spell library contained the following spells:

 Spells                   Type           Power        Failure   Level
 Animate Skeleton         Necr           0%           100%        1
 Apportation              Tloc           0%           100%        1
 Corona                   Hex            0%           100%        1
 Summon Small Mammal      Summ           0%           100%        1


Dungeon Overview and Level Annotations

Branches:
Dungeon (7/15)             Temple (1/1) D:5         Ossuary (visited)

Altars:
Ashenzari
Cheibriados
Dithmenos
Elyvilon
Fedhas
Gozag
Hepliaklqana
Kikubaaqudgha
Makhleb
Nemelex Xobeh
Okawaru
Qazlal
Ru
Sif Muna
Trog
Uskayaw
Vehumet
Wu Jian
Xom
Yredelemnul
Zin
The Shining One

Annotations:
D:7 1 transporter, Groucho's ghost, novice SpEn; Grum


Innate Abilities, Weirdness & Mutations

You reflexively headbutt those who attack you in melee.
You have a pair of horns on your head.


Message History

You kill the gnoll!
The gnoll sergeant hits you but does no damage.
The gnoll zaps a wand.
You are blasted!
* * * LOW HITPOINT WARNING * * *
Unknown command.
You feel better.
The gnoll sergeant hits you but does no damage.
You writhe in agony.
* * * LOW HITPOINT WARNING * * *
You block the gnoll's attack. You block Grum's attack.
Press: ? - help, v - describe, . - travel
Here: a gnoll, wielding a +0 spear and carrying a wand of disintegration (17) (haloed)
The floor.
As you read the scroll of teleportation, it crumbles to dust.
You feel strangely unstable. You block the gnoll sergeant's attack.
The gnoll zaps a wand.
You are blasted!
* * * LOW HITPOINT WARNING * * *
Grum misses you.
The gnoll sergeant hits you from afar with a +1 spear of pain.
You die...

#..≈≈≈≈≈≈≈≈≈≈≈≈≈≈≈≈≈..##.
#..≈≈≈≈≈≈≈≈≈≈≈≈≈≈≈≈≈.....
#..≈≈####.....####≈≈.....
#..≈≈#..#8###8#g.#≈≈.....
#..≈≈#8.###.###.8#≈≈.....
#..≈≈#...gg.....g#≈≈.....
#..≈≈###g##'##.###≈≈.....
#..≈≈..#.#$$$#.#..≈≈.....
##.≈≈.##@#?.$#.##.≈≈.....
#.≈≈.#.g#}:=#.©#.≈≈.....
#.≈≈.##.#####g##.≈≈.....
#.....#(#8⌠8#g#..≈≈.....
#....©#.')©.gg#©.≈≈.#..(
#.....#?#...#.#..≈≈...†.
#.≈≈.##.##g##.##.≈≈....)
#.≈≈.#..#...#.h#.≈≈....<
#.≈≈.##.'...'.##.≈≈.....


You could see Grum, a gnoll sergeant and 2 gnolls.

Vanquished Creatures
  Pikel (D:4)
  Grinder (D:4)
  The ghost of Stixsmaster the Shield-Bearer, an amateur GrFi (D:4)
  An ice beast (D:6)
  An orc warrior (D:6)
  A sky beast (D:7)
  A phantom (D:6)
  4 centaurs
  2 wolves (D:7)
  A lemure (D:4)
  A gnoll sergeant (D:6)
  2 scorpions
  5 wights (D:6)
  3 centaur zombies
  2 human zombies (Ossuary)
  5 orc wizards
  2 hounds
  3 orc priests
  A bullfrog skeleton (D:7)
  An iguana (D:7)
  Natasha (thrice) (D:4)
  Ijyb (D:4)
  2 worker ants (D:6)
  3 mummies (Ossuary)
  9 gnolls
  A howler monkey skeleton (D:4)
  9 adders
  A shadow imp (D:6)
  2 white imps
  2 ufetubi
  An adder zombie (D:7)
  A dart slug (D:1)
  14 orcs
  4 giant cockroaches
  A gnoll zombie (Ossuary)
  9 hobgoblins
  15 jackals
  4 quokkas
  4 bats (D:3)
  3 frilled lizards
  6 goblins
  A goblin zombie (Ossuary)
  A jackal skeleton (D:5)
  8 kobolds
  2 orc zombies (Ossuary)
  A quokka skeleton (D:7)
  2 quokka zombies
  3 rats
152 creatures vanquished.

Vanquished Creatures (others)
  A gnoll (D:7)
  5 fungi (D:6)
  14 plants
20 creatures vanquished.

Grand Total: 172 creatures vanquished

Notes
Turn   | Place    | Note
-------+----------+-------------------------------------------
     0 | D:1      | Cykl0x the Minotaur Fighter began the quest for the Orb.
     0 | D:1      | Reached XP level 1. HP: 19/19 MP: 0/0
    29 | D:1      | Reached XP level 2. HP: 11/27 MP: 1/1
   262 | D:1      | Noticed a troll
   467 | D:1      | Reached skill level 3 in Long Blades
  1224 | D:2      | Reached XP level 3. HP: 31/33 MP: 2/2
  1303 | D:2      | Found an iron altar of Okawaru.
  1796 | D:2      | Found a faded altar of an unknown god.
  2111 | D:3      | Paralysed by an orc for 4 turns
  2360 | D:2      | Reached XP level 4. HP: 12/38 MP: 3/3
  2588 | D:3      | Reached skill level 1 in Dodging
  2590 | D:3      | Paralysed by an orc for 5 turns
  2902 | D:3      | Reached skill level 5 in Armour
  2960 | D:3      | Reached XP level 5. HP: 46/46 MP: 4/4
  3208 | D:3      | Reached skill level 4 in Long Blades
  3376 | D:4      | Noticed a lemure
  3376 | D:4      | Noticed a lemure
  3376 | D:4      | Noticed a lemure
  3379 | D:4      | Noticed Natasha
  3379 | D:4      | Noticed a lemure
  3393 | D:4      | Killed Natasha
  3761 | D:4      | Reached XP level 6. HP: 52/52 MP: 5/5
  3768 | D:4      | Noticed Grinder
  3780 | D:4      | Paralysed by Grinder for 2 turns
  3790 | D:4      | Killed Grinder
  3791 | D:4      | Reached skill level 5 in Long Blades
  3791 | D:4      | Reached skill level 1 in Throwing
  4400 | D:4      | Noticed Pikel
  4419 | D:4      | Killed Pikel
  4420 | D:4      | Reached skill level 6 in Long Blades
  4420 | D:4      | Reached skill level 5 in Shields
  4420 | D:4      | Reached XP level 7. HP: 23/60 MP: 6/6
  4656 | D:4      | Found a runed translucent door.
  4656 | D:4      | Noticed Stixsmaster's ghost (amateur GrFi)
  4668 | D:4      | Killed Stixsmaster's ghost
  4669 | D:4      | Reached skill level 5 in Fighting
  4669 | D:4      | Reached XP level 8. HP: 50/68 MP: 7/7
  4828 | D:4      | Noticed Ijyb
  4839 | D:4      | Killed Ijyb
  4907 | D:4      | Noticed Natasha
  4914 | D:4      | Killed Natasha
  4929 | D:4      | Noticed Natasha
  4937 | D:4      | Killed Natasha
  5520 | D:5      | Entered Level 5 of the Dungeon
  5592 | D:5      | Reached skill level 7 in Long Blades
  5609 | D:5      | Found a staircase to the Ecumenical Temple.
  5619 | Temple   | Entered the Ecumenical Temple
  5729 | Temple   | Became a worshipper of the Shining One
  6201 | D:6      | Reached skill level 1 in Invocations
  6293 | D:6      | Found a sand-covered staircase.
  6302 | Ossuary  | Entered an ossuary
  6373 | Ossuary  | Reached * piety under the Shining One
  6775 | D:6      | Reached skill level 8 in Long Blades
  6779 | D:6      | Reached XP level 9. HP: 57/74 MP: 8/10
  6782 | D:6      | Got a coiled steel ring
  6783 | D:6      | Identified the ring of Interdependent Arising {+Fly Str+4
                  | Int+3 Stlth+} (You found it on level 6 of the Dungeon)
  6800 | D:6      | Reached ** piety under the Shining One
  7546 | D:7      | Reached skill level 9 in Long Blades
  7577 | D:7      | Found a transporter.
  7585 | D:7      | Noticed Grum
  7596 | D:7      | Noticed Groucho's ghost (novice SpEn)
  7648 | D:7      | Found a transporter.
  7799 | D:7      | HP: 2/75 [disintegration (22)]
  7802 | D:7      | Slain by a gnoll sergeant

Illustrated notes

Levels and vault maps discovered:
D:1:      erik_arrival_cave_to_civilisation [erik_arrival_cave_to_temple],
          layout_basic
D:2:      layout_basic, kennysheep_okawaru_gauntlet,
          chequers_ecumenical_altar_grove
D:3:      layout_rooms
D:4:      layout_gridville, serial_bayou, serial_bayou_pond_e,
          serial_bayou_shore_b, serial_bayou_ford_a, serial_bayou_crossing,
          gammafunk_ghost_grave, uniq_natasha, uniq_pikel, uniq_ijyb,
          uniq_grinder
D:5:      layout_cave_pools, minmay_temple_entry_mini_moons
D:6:      layout_rooms, lightli_ossuary_entry_decrepit_ruins, serial_aquarium,
          aquarium_bridge_island_small [aquarium_subvault_small_water,
          aquarium_subvault_bridge, aquarium_subvault_bridge,
          aquarium_subvault_window, aquarium_subvault_bridge],
          aquarium_window_fake, aquarium_window_double, aquarium_view_2c,
          aquarium_balcony_3a, minmay_fractal_squares_5
D:7:      minmay_cornered_nines, layout_rooms, gammafunk_ghost_gnarly_gnolls,
          uniq_prince_ribbit1
Temple:   nicolae_temple_the_god_donut

Skill      XL: |  1  2  3  4  5  6  7  8  9 |
---------------+----------------------------+-----
Long Blades    | 3 4 6 8 9 |  9.2
Armour         | 4 5 6 7 8 |  8.4
Shields        | 4 5 6 |  6.8
Fighting       | 4 5 |  5.9
Dodging        | 1 2 3 4 |  4.5
Throwing       | 1 2 |  2.7
Invocations    | 2 3 |  3.9
Stealth        | |  0.1

Action                   |  1- 3 |  4- 6 |  7- 9 || total
-------------------------+-------+-------+-------++-------
Melee: Long sword        |    81 |   111 |    31 ||   223
       Headbutt          |    15 |    15 |    79 ||   109
       Falchion          |       |       |   222 ||   222
Throw: Stone             |    45 |    23 |    40 ||   108
Invok: Divine Shield     |       |       |     1 ||     1
  Use: Scroll            |    10 |     5 |     9 ||    24
       Potion            |       |     2 |     4 ||     6
Armor: Scale mail        |    72 |    53 |    13 ||   138
       Chain mail        |       |       |    52 ||    52
       Plate armour      |       |       |    10 ||    10
Dodge: Dodged            |    37 |    54 |    60 ||   151
Block: Kite shield       |    57 |    84 |   128 ||   269
       Rpst.: Long sword |     8 |    17 |     1 ||    26
       Falchion          |       |       |     5 ||     5
